 Dungeon Crawl Stone Soup version 0.27.0-1-g7a089689b8 (webtiles) character file.

Game seed: 4392464206871962019

124 Descartes the Ducker (level 4, 0/21 HPs)
             Began as a Spriggan Arcane Marksman on Aug 12, 2021.
             Slain by a river rat (8 damage)
             ... on level 2 of the Dungeon.
             The game lasted 00:11:06 (3954 turns).

Descartes the Ducker (Spriggan Arcane Marksman)     Turns: 3954, Time: 00:11:08

Health: 0/21       AC:  2    Str:  7    XL:     4   Next: 81%
Magic:  7/7        EV: 18    Int: 14    God:
Gold:   72         SH:  0    Dex: 15    Spells: 4/5 levels left

rFire    . . .     SeeInvis +   a - +0 hunting sling
rCold    . . .     Faith    .   (shield restricted)
rNeg     . . .     Spirit   .   d - +0 robe
rPois    .         Reflect  .   (helmet restricted)
rElec    .         Harm     .   (no cloak)
rCorr    .         Rampage  .   (gloves unavailable)
Will     .....                  (boots unavailable)
Stlth    +++.......             (no amulet)
HPRegen  0.07/turn              (no ring)
MPRegen  0.10/turn              (no ring)

@: very quick
A: very small, no large weapons, unfitting armour, see invisible, speed 3
a: no special abilities


You were on level 2 of the Dungeon.
You visited 1 branch of the dungeon, and saw 3 of its levels.

You collected 72 gold pieces.

Inventory:

Hand Weapons
 a - a +0 hunting sling (weapon)
Missiles
 b - 118 stones (quivered ammo)
 c - 30 sling bullets
 k - 41 bolts
Armour
 d - a +0 robe (worn)
Scrolls
 e - a scroll of enchant weapon {unknown}
 f - 3 scrolls of identify {unknown}
 j - a scroll of teleportation {unknown}
 n - a scroll of enchant armour {unknown}
 o - a scroll of amnesia {unknown}
Potions
 g - a potion of haste {unknown}
 h - 3 potions of degeneration {unknown}
 i - a potion of brilliance {unknown}
 l - a potion of lignification {unknown}
 m - a potion of attraction {unknown}


   Skills:
 - Level 0.7 Fighting
 + Level 4.0 Slings
 + Level 4.4 Dodging
 + Level 4.1 Stealth
 - Level 1.3 Spellcasting
 - Level 3.6 Hexes


You had 4 spell levels left.
You knew the following spells:

 Your Spells              Type           Power      Damage    Failure   Level
a - Corona                Hex            12%        N/A       6%          1

Your spell library contained the following spells:

 Spells                   Type           Power      Damage    Failure   Level
 Slow                     Hex            11%        N/A       9%          2
 Inner Flame              Hex/Fire       6%         N/A       36%         3
 Portal Projectile        Hex/Tloc       12%        N/A       36%         3
 Cause Fear               Hex            5%         N/A       50%         4
 Ozocubu's Armour         Ice            0%         N/A       58%         3
 Metabolic Englaciation   Hex/Ice        3%         N/A       98%         5
 Blade Hands              Tmut           0%         N/A       100%        5
 Excruciating Wounds      Necr           0%         N/A       100%        5
 Simulacrum               Ice/Necr       0%         N/A       100%        6


Dungeon Overview and Level Annotations

Branches:
Dungeon (3/15)

Altars:


Innate Abilities, Weirdness & Mutations

You are very small and have problems with some larger weapons.
You are too small for most types of armour.
You have supernaturally acute eyesight. (SInv)
You cover ground extremely quickly. (Speed+++)


Message History

Press: ? - help, Q - select action, (/) - cycle Shift-Dir - straight line, f/p - river rat
Aim: a river rat (almost dead, 57% to hit)
You shoot a stone.
The stone hits the river rat but does no damage.
The river rat is almost dead.
The river rat closely misses you.
Fire: 122 stones
Press: ? - help, Q - select action, (/) - cycle Shift-Dir - straight line, f/p - river rat
Aim: a river rat (almost dead, 57% to hit)
You shoot a stone.
The stone hits the river rat but does no damage.
The river rat is almost dead.
The river rat twitches its whiskers.
The river rat misses you.
Fire: 121 stones
Press: ? - help, Q - select action, (/) - cycle Shift-Dir - straight line, f/p - river rat
Aim: a river rat (almost dead, 57% to hit)
You shoot a stone.
The stone hits the river rat but does no damage.
The river rat is almost dead.
The river rat completely misses you.
Fire: 120 stones
Press: ? - help, Q - select action, (/) - cycle Shift-Dir - straight line, f/p - river rat
Aim: a river rat (almost dead, 57% to hit)
You shoot a stone. The stone closely misses the river rat.
The river rat bites you.
Fire: 119 stones
Press: ? - help, Q - select action, (/) - cycle Shift-Dir - straight line, f - you, p - river rat Really target yourself? [Y]es or [N]o only, please.
Really target yourself? [Y]es or [N]o only, please.
Really target yourself?
Okay, then.
Fire: 119 stones
Press: ? - help, Q - select action, (/) - cycle Shift-Dir - straight line, f - river rat
Aim: a river rat (almost dead, 57% to hit)
You shoot a stone. The stone barely misses the river rat.
The river rat bites you!
You die...

.....# #.........#<'..........#
#....# #.........###..........#
.....####.........# ##........##
'....'............####'##.....#
#.....##..#####'#.#...........#
#......##'.####.#.#...........#
...[..........#.#.#..)<.......###
...........)..#.#.##.............
.........(..(.(r@.)...>..#.......
....#............#########.......
#####...(.(...#..8.8.8.8.#.......
# #...((....#..........#.......
#####...).....#.........)#.......
..............#.....[....##...###
..............#).........##...#
.........................##...#
......#####......8.8.8.8.##...#


You could see a river rat.

Vanquished Creatures
  Ijyb (D:2)
  5 adders
  A dart slug (D:2)
  4 ball pythons
  5 bats
  3 endoplasms
  3 giant cockroaches
  8 goblins
  3 hobgoblins
  A jackal (D:1)
  4 quokkas (D:2)
  5 kobolds
  6 rats
49 creatures vanquished.

Vanquished Creatures (others)
  A plant (D:1)
1 creature vanquished.

Grand Total: 50 creatures vanquished

Notes
Turn   | Place    | Note
-------+----------+-------------------------------------------
     0 | D:1      | Descartes the Spriggan Arcane Marksman began the quest for
                  | the Orb.
     0 | D:1      | Reached XP level 1. HP: 9/9 MP: 3/3
   174 | D:1      | Reached skill level 1 in Stealth
   256 | D:1      | Reached XP level 2. HP: 14/14 MP: 5/5
   570 | D:1      | Found a faded altar of an unknown god.
   860 | D:2      | Reached XP level 3. HP: 17/17 MP: 6/6
   994 | D:2      | Noticed Ijyb
  1313 | D:1      | You fall into a shaft and drop 1 floor!
  1908 | D:2      | Reached XP level 4. HP: 21/21 MP: 7/7
  2393 | D:2      | Killed Ijyb
  3954 | D:2      | Slain by a river rat

Illustrated notes

Levels and vault maps discovered:
D:1:      tarquinn_simple_flora_water_d, layout_rooms,
          shapermc_ecumenical_altar_venn, serial_bayou_pond_b,
          supply_closet_lemuel, nrook_loot_triangle
D:2:      kennysheep_the_goblin_king, layout_basic
D:3:      layout_basic, portal_sewer_entry_a, minmay_goblin_kobold_house

Skill      XL: |  1  2  3  4 |
---------------+-------------+-----
Stealth        | 1 2 3 4 |  4.1
Dodging        | 3 4 |  4.4
Slings         | 3 4 |  4.0
Fighting       | |  0.7
Spellcasting   | |  1.3
Hexes          | |  3.6

Action                   |  1- 3 |  4- 6 || total
-------------------------+-------+-------++-------
 Fire: Hunting sling     |   132 |   140 ||   272
Armor: Robe              |     8 |     6 ||    14
Dodge: Dodged            |    35 |    67 ||   102
